 Dungeon Crawl Stone Soup version 0.28.0-45-g0d030f2227 (webtiles) character file.

Game seed: 7789861113004245307

88 101zpm the Magician (level 4, -2/31 HPs)
             Began as a Djinni Ice Elementalist on Apr 11, 2022.
             Slain by a gnoll
             ... wielding a +0 spear
              (6 damage)
             ... on level 4 of the Dungeon.
             The game lasted 00:04:40 (3133 turns).

101zpm the Magician (Djinni Ice Elementalist)       Turns: 3133, Time: 00:04:42

Health: -2/31      AC:  2    Str:  7    XL:     4   Next: 81%
Gold:   135        EV: 12    Int: 18    God:
                   SH:  0    Dex: 14

rFire   + + .      SeeInvis .   (no weapon)
rCold   x . .      Faith    .   (no shield)
rNeg    . . .      Spirit   .   a - +0 robe
rPois   ∞          Reflect  .   (no helmet)
rElec   .          Harm     .   (no cloak)
rCorr   .          Rampage  .   (no gloves)
Will    .....                   (boots unavailable)
Stlth   ++........              (no amulet)
HPRegen 0.10/turn               (no ring)
MPRegen 0.00/turn               (no ring)

@: freezing walls, flying
A: sickness immunity, fire resistance 2, cold vulnerability 1, float, innate
caster, HP casting, extra vitality 1
a: no special abilities


You were on level 4 of the Dungeon.
You visited 1 branch of the dungeon, and saw 4 of its levels.

You collected 135 gold pieces.

Inventory:

Missiles
 s - 13 stones
Armour
 a - a +0 robe (worn)
Jewellery
 t - a ring of resist corrosion
Scrolls
 b - a scroll of fog {unknown}
 c - a scroll of silence {unknown}
 f - 2 scrolls of teleportation {unknown}
 g - a scroll of immolation {unknown}
 i - 2 scrolls of torment {unknown}
 j - a scroll of brand weapon {unknown}
 k - 2 scrolls of identify {unknown}
 n - 2 scrolls of holy word {unknown}
 o - a scroll of vulnerability {unknown}
 q - a scroll of noise {unknown}
Potions
 d - a potion of cancellation {unknown}
 e - a potion of resistance {unknown}
 h - 3 potions of heal wounds {unknown}
 l - a potion of curing {unknown}
 m - a potion of magic {unknown}
 p - a potion of brilliance {unknown}
 r - a potion of flight {unknown}


   Skills:
 + Level 2.2 Dodging
 + Level 1.6 Stealth
 + Level 4.5 Spellcasting


You couldn't memorise any spells.
You knew the following spells:

 Your Spells              Type           Power      Damage    Failure   Level
a - Freeze                Ice            80%        1d9       2%          1
b - Frozen Ramparts       Ice            40%        1d6       6%          3
c - Ozocubu's Armour      Ice            20%        N/A       6%          3
d - Hailstorm             Conj/Ice       20%        3d6       22%         4
e - Pain                  Necr           80%        1d8       2%          1
Your spell library was empty.

Dungeon Overview and Level Annotations

Branches:
Dungeon (4/15)
 Temple: D:4-7

Altars:


Innate Abilities, Weirdness & Mutations

You are immune to sickness and miasma.
You are immune to poison.
Your flesh is very heat resistant. (rF++)
You are vulnerable to cold. (rC-)
You float through the air rather than walking.
You learn spells naturally, not from books.
Your magical power is your life essence.
You have superior vitality. (+4 MHP)


Message History

A gnoll comes into view. It is wielding a +0 spear.
Casting: Freeze (safe; 2% risk of failure)
Confirm with . or Enter, or press ? or * to list all spells.
The spell is quite dangerous to miscast (7% risk of failure)!
Continue anyway?
Casting: Frozen Ramparts (quite dangerous; 7% risk of failure)
Press: ? - help, Dir - look around, f - activate The walls around you are covered in ice.
The wall freezes the gnoll.
The wall freezes the gnoll.
The gnoll hits you from afar with a +0 halberd!
The wall freezes the gnoll.
A phantom comes into view.
The wall freezes the gnoll.
The gnoll closely misses you.
The wall freezes the gnoll.
The wall freezes the gnoll.
The gnoll misses you.
The wall freezes the gnoll.
The wall freezes the gnoll.
The gnoll hits you from afar with a +0 halberd!
* * * LOW HITPOINT WARNING * * *
The wall freezes the gnoll.
You kill the gnoll!
The wall freezes the gnoll.
You kill the gnoll!
The frozen ramparts melt away.
The gnoll barely misses you.
Casting: Frozen Ramparts (dangerous; 6% risk of failure)
Confirm with . or Enter, or press ? or * to list all spells.
Casting: Frozen Ramparts (dangerous; 6% risk of failure)
Press: ? - help, Dir - look around, f - activate The walls around you are covered in ice.
* * * LOW HITPOINT WARNING * * *
The wall freezes the gnoll.
Casting: Frozen Ramparts (dangerous; 6% risk of failure)
Confirm with . or Enter, or press ? or * to list all spells.
Aiming: Pain (safe; 2% risk of failure)
Press: ? - help, Shift-Dir - straight line, f - gnoll
Aim: a gnoll, wielding a +0 spear (heavily wounded, chance to affect: 84%)
The gnoll writhes in agony.
* * * LOW HITPOINT WARNING * * *
The wall freezes the gnoll.
The gnoll hits you from afar with a +0 spear.
You die...

#######..[.####........
..............+).......
#######....####......."
#.#.## #....... ##.###
##....<# #..#
########...## #g##
#.....###+# #.#
##.###.###.# #@#
#........#.# #.#
#..###.#.#.### #.#
#..##........#
#.###..##..#.....#
#..........#.....#
#####......#.#.#..
#.######.#####
#.######.# #........#


You could see a gnoll.

Vanquished Creatures
  A hound (D:3)
  An adder (D:3)
  2 gnolls (D:4)
  2 ball pythons (D:1)
  An endoplasm (D:2)
  5 goblins
  4 hobgoblins
  3 kobolds
  A quokka (D:3)
  4 bats
  3 rats
27 creatures vanquished.

Notes
Turn   | Place    | Note
-------+----------+-------------------------------------------
     0 | D:1      | 101zpm the Djinni Ice Elementalist began the quest for the
                  | Orb.
     0 | D:1      | Reached XP level 1. HP: 15/15 MP: 0/0
   502 | D:1      | Reached XP level 2. HP: 18/21 MP: 0/0
  1954 | D:2      | Reached XP level 3. HP: 22/25 MP: 0/0
  1954 | D:2      | Learned a level 1 spell: Pain
  2343 | D:3      | Reached skill level 4 in Spellcasting
  2540 | D:3      | Reached XP level 4. HP: 21/31 MP: 0/0
  3118 | D:4      | Noticed a phantom
  3133 | D:4      | Slain by a gnoll

Illustrated notes

Levels and vault maps discovered:
D:1:      giann_bridges, layout_basic, minmay_misc_feat_rugged
D:2:      layout_basic
D:3:      layout_rooms
D:4:      layout_loops_corners, grunt_gozag_statues,
          minmay_temple_entry_water_ring, kennysheep_generic_room_11

Skill      XL: |  1  2  3 |
---------------+----------+-----
Spellcasting   | 4 |  4.5
Dodging        | |  2.2
Stealth        | |  1.6

Action                   |  1- 3 |  4- 6 || total
-------------------------+-------+-------++-------
Melee: Unarmed           |     2 |     1 ||     3
 Cast: Freeze            |    46 |     5 ||    51
       Frozen Ramparts   |       |     2 ||     2
       Pain              |       |     1 ||     1
 Stab: Sleeping          |     1 |       ||     1
Armor: Robe              |     8 |       ||     8
Dodge: Dodged            |    22 |     4 ||    26
